 Dungeon Crawl Stone Soup version 0.22-a0-533-g4d20840 (webtiles) character file.

32 iamserjio the Insei (level 3, 6/19 HPs)
             Began as a Vine Stalker Skald on June 22, 2018.
             Quit the game on level 2 of the Dungeon.
             The game lasted 00:03:08 (465 turns).

iamserjio the Insei (Vine Stalker Skald)             Turns: 465, Time: 00:03:09

Health: 6/19       AC:  3    Str: 13    XL:     3   Next: 25%
Magic:  4/7        EV: 11    Int: 14    God:
Gold:   13         SH:  0    Dex: 13    Spells: 1/6 levels left

rFire    . . .     SeeInvis .   e - +0 dagger (venom)
rCold    . . .     Gourm    .   (no shield)
rNeg     . . .     Faith    .   a - +0 leather armour
rPois    .         Spirit   +   (no helmet)
rElec    .         Reflect  .   (no cloak)
rCorr    .         Harm     .   (no gloves)
MR       .....                  (no boots)
Stlth    +.........             (no amulet)
HPRegen  0.06/turn              (no ring)
MPRegen  0.10/turn              (no ring)

@: no status effects
A: fangs 2, magic shield, antimagic bite, no potion heal 3, rot immunity
a: no special abilities


You were on level 2 of the Dungeon.
You were not hungry.

You visited 1 branch of the dungeon, and saw 2 of its levels.

You collected 13 gold pieces.

Inventory:

Hand Weapons
 b - a +0 whip
 e - a +0 dagger of venom (weapon)
Armour
 a - a +0 leather armour (worn)
Scrolls
 d - a scroll of amnesia {unknown}
 f - a scroll of identify {unknown}
Comestibles
 c - 2 rations


   Skills:
 + Level 2.3 Fighting
 - Level 0.7 Armour
 - Level 1.5 Dodging
 * Level 3.1 Unarmed Combat
 - Level 2.1 Spellcasting
 - Level 3.0 Charms


You had one spell level left.
You knew the following spells:

 Your Spells              Type           Power        Failure   Level  Hunger
a - Infusion              Chrm           #...         9%          1    #......
b - Shroud of Golubria    Chrm/Tloc      #.........   24%         2    ###....
c - Song of Slaying       Chrm           #.......     13%         2    ###....

Your spell library contained the following spells:

 Spells                   Type           Power        Failure   Level  Hunger
 Regeneration             Chrm/Necr      #.........   43%         3    ###....
 Spectral Weapon          Hex/Chrm       #.......     43%         3    ###....


Dungeon Overview and Level Annotations

Branches:
Dungeon (2/15)

Altars:
Dithmenos
Hepliaklqana
Okawaru
Sif Muna
Wu Jian


Innate Abilities, Weirdness & Mutations

You have extremely sharp teeth.
When hurt, damage is shared between your health and your magic reserves.
Your bite disrupts and absorbs the magic of your enemies.
Potions cannot restore your health.
You are immune to rotting.


Message History

The giant cockroach bites you but does no damage.
You hit the giant cockroach.
You kill the giant cockroach!
The gnoll misses you. The adder closely misses you.
You miss the adder. Your bite misses the adder.
The adder is heavily wounded.
The adder looks more healthy.
The gnoll hits you from afar with a spear!
The adder completely misses you.
You closely miss the adder.
The adder is heavily wounded.
The adder closely misses you.
The gnoll hits you from afar with a spear.
The adder closely misses you. The adder bites you.
* * * LOW HITPOINT WARNING * * *
Things that are here:
a dagger; a goblin corpse
There is a stone staircase leading up here.
Are you sure you want to abandon this character and quit the game? (Confirm with "yes".)

###..#######..###
##.........## #.
#####.##### #.# #'# #.#
##.# #.# #..# #.# #####
#.## ##.###...####.#
##.###...##.#.S@...#
.........g..g..###(#####
#####...##...###......#
##.####.## #.)###.# #.#
### #..# #.# #..# #g#
#... #.gg# #.## #....#
#.


You could see 2 gnolls and an adder.

Vanquished Creatures
  2 oozes (D:1)
  A dart slug (D:1)
  A ball python (D:2)
  4 giant cockroaches
  4 goblins
  2 hobgoblins (D:1)
  4 kobolds
  A rat (D:1)
19 creatures vanquished.

Notes
Turn   | Place    | Note
-------+----------+-------------------------------------------
     0 | D:1      | iamserjio the Vine Stalker Skald began the quest for the Orb.
     0 | D:1      | Reached XP level 1. HP: 11/11 MP: 4/4
   166 | D:1      | Reached XP level 2. HP: 10/15 MP: 6/6
   226 | D:2      | Learned a level 2 spell: Shroud of Golubria
   229 | D:2      | Learned a level 2 spell: Song of Slaying
   369 | D:1      | Reached XP level 3. HP: 15/18 MP: 5/7
   401 | D:2      | Found an ornate altar of the Wu Jian Council.
   401 | D:2      | Found a deep blue altar of Sif Muna.
   406 | D:2      | Found a hazy altar of Hepliaklqana.
   408 | D:2      | Found a shadowy altar of Dithmenos.
   409 | D:2      | Found an iron altar of Okawaru.
   465 | D:2      | Quit the game

Vault maps used:
D:1:      minmay_arrival_stair_chambers
D:2:      tgw_xom, chequers_temple_overflow_minitemple, first_ration

Skill      XL: |  1  2 |
---------------+-------+-----
Fighting       | 2 |  2.3
Unarmed Combat | 3 |  3.1
Armour         | |  0.7
Dodging        | |  1.5
Spellcasting   | |  2.1
Charms         | |  3.0

Action                   || total
-------------------------++-------
Melee: Unarmed           ||    45
       Bite              ||    14
       Dagger            ||    23
 Cast: Infusion          ||     2
 Stab: Sleeping          ||     1
Armor: Leather armour    ||    18
Dodge: Dodged            ||    44

Table legend:
 A = Spawn XP
 B = Non-spawn XP
 C = Spawn XP percentage of total XP
 D = Spawn monster count
 E = Non-spawn monster count
 F = Spawn count percentage of total count
 G = Total turns spent on level
                    A         B        C        D         E        F      G
               +---------+---------+-------+---------+---------+-------+---------
         Total |       0 |      46 |   0.0 |       0 |      19 |   0.0 |   465
               +---------+---------+-------+---------+---------+-------+---------
           D:1 |       0 |      35 |   0.0 |       0 |      13 |   0.0 |   334
           D:2 |       0 |      11 |   0.0 |       0 |       6 |   0.0 |   131
               +---------+---------+-------+---------+---------+-------+---------
